MLB
MILWAUKEE BREWERS @ ST. LOUIS CARDINALS
08/20/2019
 
TOP OF THE 1ST
Miami Marlins batting - Pitching for Atlanta Braves : RHP Mike Fiers
Pitching: RHP Mike Fiers
Batting: LHB Kyle Tucker 0-0: Called Strike
0-1: Ball
1-1: Foul Ball, location: 2F
1-2: Ground out 5-3 (Groundball, 56S, EV 69.4 MPH)
Batting: LHB David Dahl 0-0: Ball
1-0: Ground out 6-3 (Groundball, 6S, EV 83.1 MPH)
Batting: SHB Francisco Lindor 0-0: Called Strike
0-1: Swinging Strike
0-2: Foul Ball, location: 2F
0-2: Ball
1-2: Ground out 1-3 (Groundball, P, EV 77.5 MPH)
Top of the 1st over - 0 runs, 0 hits, 0 errors, 0 left on base; Miami 0 - Atlanta 0
BOTTOM OF THE 1ST
Atlanta Braves batting - Pitching for Miami Marlins : LHP Blaine Hardy
Pitching: LHP Blaine Hardy
Batting: LHB Mallex Smith 0-0: Ball
1-0: Fly out, F3 (Line Drive, 3, EV 71.9 MPH)
Batting: RHB Adeiny Hechavarria 0-0: Called Strike
0-1: Ball
1-1: SINGLE (Groundball, 6MD, EV 108.1 MPH)
Batting: RHB Domingo Santana 0-0: Called Strike
0-1: Swinging Strike
0-2: Strikes out swinging
Batting: RHB Ian Desmond 0-0: Foul Ball, location: 2F
0-1: Called Strike
0-2: Fielders Choice at 2nd, 5-4 (Groundball, 5, EV 85.0 MPH)
Bottom of the 1st over - 0 runs, 1 hit, 0 errors, 1 left on base; Miami 0 - Atlanta 0
TOP OF THE 2ND
Miami Marlins batting - Pitching for Atlanta Braves : RHP Mike Fiers
Batting: RHB Javier Baez 0-0: SOLO HOME RUN (Flyball, 7D, EV 88.8 MPH), Distance : 373 ft
Batting: RHB Miguel Andujar 0-0: Called Strike
0-1: Ball
1-1: Called Strike
1-2: Ball
2-2: Foul Ball, location: 2F
2-2: Ball
3-2: Fly out, F3 (Flyball, 34D, EV 88.8 MPH)
Batting: LHB Max Kepler 0-0: Foul Ball, location: 2F
0-1: Fly out, F9 (Flyball, 9D, EV 97.5 MPH)
Batting: RHB C.J. Cron 0-0: Foul Ball, location: 2F
0-1: SINGLE (Line Drive, 7S, EV 101.9 MPH)
Batting: LHB Chance Sisco 0-0: Fly out, F8 (Flyball, 8RS, EV 86.3 MPH)
Top of the 2nd over - 1 run, 2 hits, 0 errors, 1 left on base; Miami 1 - Atlanta 0
BOTTOM OF THE 2ND
Atlanta Braves batting - Pitching for Miami Marlins : LHP Blaine Hardy
Batting: RHB Michael Lorenzen 0-0: Ground out U3 (Groundball, 3, EV 78.1 MPH)
Batting: RHB Pat Valaika 0-0: Swinging Strike
0-1: Swinging Strike
0-2: Ball
1-2: Foul Ball, location: 2F
1-2: SINGLE (Groundball, 6D, EV 103.8 MPH)
Batting: RHB Jorge Alfaro 0-0: Fielders Choice at 2nd, 1-6 (Groundball, 13, EV 78.8 MPH)
Batting: SHB Juniel Querecuto 0-0: Ball
1-0: Ball
2-0: Foul Ball, location: 2F
2-1: Ground out 5-3 (Groundball, 56, EV 78.1 MPH)
Bottom of the 2nd over - 0 runs, 1 hit, 0 errors, 1 left on base; Miami 1 - Atlanta 0
TOP OF THE 3RD
Miami Marlins batting - Pitching for Atlanta Braves : RHP Mike Fiers
Batting: LHB Blaine Hardy 0-0: Called Strike
0-1: Ball
1-1: Swinging Strike
1-2: Strikes out swinging
Batting: LHB Kyle Tucker 0-0: Called Strike
0-1: Called Strike
0-2: Ball
1-2: Ball
2-2: Strikes out swinging
Batting: LHB David Dahl 0-0: Ball
1-0: Fly out, F6 (Popup, 6M, EV 75.0 MPH)
Top of the 3rd over - 0 runs, 0 hits, 0 errors, 0 left on base; Miami 1 - Atlanta 0
BOTTOM OF THE 3RD
Atlanta Braves batting - Pitching for Miami Marlins : LHP Blaine Hardy
Batting: RHB Mike Fiers 0-0: Fly out, F7 (Flyball, 7, EV 90.6 MPH)
Batting: LHB Mallex Smith 0-0: Called Strike
0-1: Foul Ball, location: 2F
0-2: Ball
1-2: Strikes out swinging
Batting: RHB Adeiny Hechavarria 0-0: Called Strike
0-1: Foul Ball, location: 2F
0-2: Ball
1-2: Foul Ball, location: 2F
1-2: SINGLE (Groundball, 56S, EV 77.5 MPH) (infield hit)
Batting: RHB Domingo Santana 0-0: Ball
1-0: Ball
2-0: Called Strike
2-1: Foul Ball, location: 2F
2-2: Strikes out looking
Bottom of the 3rd over - 0 runs, 1 hit, 0 errors, 1 left on base; Miami 1 - Atlanta 0
TOP OF THE 4TH
Miami Marlins batting - Pitching for Atlanta Braves : RHP Mike Fiers
Batting: SHB Francisco Lindor 0-0: Fly out, F7 (Line Drive, 7, EV 101.3 MPH)
Batting: RHB Javier Baez 0-0: Swinging Strike
0-1: Swinging Strike
0-2: Ball
1-2: Ball
2-2: Ball
3-2: SINGLE (Flyball, 3D, EV 88.8 MPH)
Batting: RHB Miguel Andujar 0-0: Ball
1-0: Called Strike
1-1: Ball
2-1: Fly out, F5 (Flyball, 5D, EV 90.6 MPH)
Batting: LHB Max Kepler 0-0: Ball
1-0: Fly out, F8 (Flyball, 8LD, EV 95.6 MPH)
Top of the 4th over - 0 runs, 1 hit, 0 errors, 1 left on base; Miami 1 - Atlanta 0
BOTTOM OF THE 4TH
Atlanta Braves batting - Pitching for Miami Marlins : LHP Blaine Hardy
Batting: RHB Ian Desmond 0-0: Ball
1-0: Called Strike
1-1: Ball
2-1: SINGLE (Groundball, 6MD, EV 104.4 MPH)
Batting: RHB Michael Lorenzen 0-0: Called Strike
0-1: Ball
1-1: Fly out, F9 (Flyball, 89M, EV 76.9 MPH)
Batting: RHB Pat Valaika 0-0: Called Strike
0-1: Swinging Strike
0-2: Foul Ball, location: 2F
0-2: Strikes out swinging
Batting: RHB Jorge Alfaro 0-0: Ball
Ian Desmond steals 2nd base
1-0: Ball
2-0: Foul Ball, location: 2F
2-1: Swinging Strike
2-2: Fly out, F7 (Flyball, 7S, EV 85.6 MPH)
Bottom of the 4th over - 0 runs, 1 hit, 0 errors, 1 left on base; Miami 1 - Atlanta 0
TOP OF THE 5TH
Miami Marlins batting - Pitching for Atlanta Braves : RHP Mike Fiers
Batting: RHB C.J. Cron 0-0: Called Strike
0-1: Ball
1-1: Ball
2-1: Fly out, F9 (Flyball, 89M, EV 96.3 MPH)
Batting: LHB Chance Sisco 0-0: Ball
1-0: Called Strike
1-1: Ball
2-1: Ball
3-1: Foul Ball, location: 2F
3-2: Base on Balls
Batting: LHB Blaine Hardy 0-0: Sac Bunt to 5S - play at second, runner OUT! 5-6
Batting: LHB Kyle Tucker 0-0: DOUBLE (Line Drive, 3D, EV 95.0 MPH)
Blaine Hardy to third
Runner from 3rd tries for Home, SAFE, throw by RF to home
Batting: LHB David Dahl 0-0: Ball
1-0: Called Strike
1-1: Foul Ball, location: 2F
1-2: Strikes out swinging
Top of the 5th over - 1 run, 1 hit, 0 errors, 1 left on base; Miami 2 - Atlanta 0
BOTTOM OF THE 5TH
Atlanta Braves batting - Pitching for Miami Marlins : LHP Blaine Hardy
Batting: SHB Juniel Querecuto 0-0: Foul Ball, location: 2F
0-1: Foul Ball, location: 2F
0-2: Fly out, F4 (Popup, 34D, EV 54.4 MPH)
Batting: RHB Mike Fiers 0-0: SINGLE (Groundball, 6MD, EV 93.8 MPH)
Batting: LHB Mallex Smith 0-0: Ball
1-0: Called Strike
1-1: Reached on error, E2 (Groundball, 15S, EV 66.9 MPH)
Mike Fiers to second
Batting: RHB Adeiny Hechavarria 0-0: Ball
1-0: Fly out, F8 (Flyball, 78XD, EV 82.5 MPH)
Runner from 2nd tags up, SAFE at 3rd, no throw by CF
Batting: RHB Domingo Santana 0-0: Ball
1-0: Ball
2-0: Fly out, F9 (Flyball, 9S, EV 88.8 MPH)
Bottom of the 5th over - 0 runs, 1 hit, 1 error, 2 left on base; Miami 2 - Atlanta 0
TOP OF THE 6TH
Miami Marlins batting - Pitching for Atlanta Braves : RHP Mike Fiers
Batting: SHB Francisco Lindor 0-0: Ball
1-0: Ball
2-0: Called Strike
2-1: Swinging Strike
2-2: Foul Ball, location: 2F
2-2: Ground out U3 (Groundball, 3, EV 104.4 MPH)
Batting: RHB Javier Baez 0-0: Ball
1-0: Ball
2-0: Swinging Strike
2-1: Foul Ball, location: 2F
2-2: Foul Ball, location: 2F
2-2: Ball
3-2: Base on Balls
Batting: RHB Miguel Andujar 0-0: Ball
1-0: Fly out, F7 (Flyball, 7, EV 95.0 MPH)
Batting: LHB Max Kepler 0-0: Ball
Javier Baez steals 2nd base
1-0: Called Strike
1-1: Called Strike
1-2: Fly out, F8 (Flyball, 8RD, EV 106.3 MPH)
Top of the 6th over - 0 runs, 0 hits, 0 errors, 1 left on base; Miami 2 - Atlanta 0
BOTTOM OF THE 6TH
Atlanta Braves batting - Pitching for Miami Marlins : LHP Blaine Hardy
Batting: RHB Ian Desmond 0-0: Ball
1-0: Ball
2-0: Ball
3-0: Called Strike
3-1: Fly out, F9 (Flyball, 9D, EV 95.6 MPH)
Batting: RHB Michael Lorenzen 0-0: Ball
1-0: Swinging Strike
1-1: Ground out 4-3 (Groundball, 4, EV 84.4 MPH)
Batting: RHB Pat Valaika 0-0: Foul Ball, location: 2F
0-1: Ball
1-1: Ground out 6-3 (Groundball, 6, EV 105.0 MPH)
Bottom of the 6th over - 0 runs, 0 hits, 0 errors, 0 left on base; Miami 2 - Atlanta 0
TOP OF THE 7TH
Miami Marlins batting - Pitching for Atlanta Braves : RHP Mike Fiers
Batting: RHB C.J. Cron 0-0: Swinging Strike
0-1: Ball
1-1: Hit by Pitch
Batting: LHB Chance Sisco 0-0: Ball
1-0: Bunted foul
1-1: Ball
2-1: Grounds into double play, 4-6-3 (Groundball, 4, EV 103.8 MPH)
Batting: LHB Blaine Hardy 0-0: Ball
1-0: Called Strike
1-1: Ball
2-1: Ball
3-1: Base on Balls
Pitching: RHP Daniel Hudson
Batting: LHB Kyle Tucker 0-0: Foul Ball, location: 2F
0-1: Swinging Strike
0-2: Ball
1-2: Ball
2-2: Ball
3-2: Base on Balls
Blaine Hardy to second
Batting: LHB David Dahl 0-0: Called Strike
0-1: Ball
1-1: Called Strike
1-2: 3-RUN HOME RUN (Flyball, 89XD, EV 91.3 MPH), Distance : 381 ft
Batting: SHB Francisco Lindor 0-0: Ball
1-0: Swinging Strike
1-1: Foul Ball, location: 2F
1-2: Fly out, F5 (Popup, 56S, EV 80.0 MPH)
Top of the 7th over - 3 runs, 1 hit, 0 errors, 0 left on base; Miami 5 - Atlanta 0
BOTTOM OF THE 7TH
Atlanta Braves batting - Pitching for Miami Marlins : LHP Blaine Hardy
Batting: RHB Jorge Alfaro 0-0: Ground out 6-3 (Groundball, 6, EV 108.1 MPH)
Batting: SHB Juniel Querecuto 0-0: Ball
1-0: Ball
2-0: Swinging Strike
2-1: Called Strike
2-2: SINGLE (Line Drive, 6D, EV 100.6 MPH)
Pinch Hitting: SHB Robbie Grossman 0-0: Called Strike
0-1: Swinging Strike
0-2: Ball
1-2: Grounds into double play, 4-6-3 (Groundball, 4, EV 102.5 MPH)
Bottom of the 7th over - 0 runs, 1 hit, 0 errors, 0 left on base; Miami 5 - Atlanta 0
TOP OF THE 8TH
Miami Marlins batting - Pitching for Atlanta Braves : RHP Daniel Hudson
Pitching: RHP Frankie Montas
Batting: RHB Javier Baez 0-0: SINGLE (Flyball, 8RS, EV 86.3 MPH)
Batting: RHB Miguel Andujar 0-0: Ball
1-0: Fly out, F8 (Flyball, 8RD, EV 100.6 MPH)
Batting: LHB Max Kepler 0-0: Ball
1-0: Ball
Javier Baez steals 2nd, throwing error, E2
Javier Baez to third
2-0: Called Strike
2-1: Ball
3-1: Foul Ball, location: 2F
3-2: Ground out 4-3 (Groundball, 4S, EV 88.8 MPH)
Javier Baez scores
Batting: RHB C.J. Cron 0-0: Ball
1-0: Foul Ball, location: 2F
1-1: Foul Ball, location: 2F
1-2: Fly out, F9 (Flyball, 89S, EV 91.9 MPH)
Top of the 8th over - 1 run, 1 hit, 1 error, 0 left on base; Miami 6 - Atlanta 0
BOTTOM OF THE 8TH
Atlanta Braves batting - Pitching for Miami Marlins : LHP Blaine Hardy
Batting: LHB Mallex Smith 0-0: Foul Ball, location: 2F
0-1: Ball
1-1: Ball
2-1: Foul Ball, location: 2F
2-2: Foul Ball, location: 2F
2-2: Foul Ball, location: 2F
2-2: Foul Ball, location: 2F
2-2: Foul Ball, location: 2F
2-2: Ball
3-2: Strikes out swinging
Pitching: LHP Luiz Gohara
Batting: RHB Adeiny Hechavarria 0-0: Ball
1-0: Swinging Strike
1-1: Fly out, F4 (Flyball, 34D, EV 88.1 MPH)
Batting: RHB Domingo Santana 0-0: Called Strike
0-1: Ball
1-1: SINGLE (Flyball, 9LM, EV 90.6 MPH)
Batting: RHB Ian Desmond 0-0: SINGLE (Flyball, 7LS, EV 99.4 MPH)
Domingo Santana to second
Batting: RHB Michael Lorenzen 0-0: Foul Ball, location: 2F
0-1: Swinging Strike
0-2: Strikes out swinging
Bottom of the 8th over - 0 runs, 2 hits, 0 errors, 2 left on base; Miami 6 - Atlanta 0
TOP OF THE 9TH
Miami Marlins batting - Pitching for Atlanta Braves : RHP Frankie Montas
Batting: LHB Chance Sisco 0-0: Called Strike
0-1: Swinging Strike
0-2: Ball
1-2: Ball
2-2: Strikes out swinging
Pinch Hitting: LHB Alex Gordon 0-0: Called Strike
0-1: Swinging Strike
0-2: Ball
1-2: Ball
2-2: Ground out U3 (Groundball, 3L, EV 105.0 MPH)
Batting: LHB Kyle Tucker 0-0: Ball
1-0: Swinging Strike
1-1: Ball
2-1: Ball
3-1: Swinging Strike
3-2: Fly out, F7 (Flyball, 7LDF, EV 98.1 MPH)
Top of the 9th over - 0 runs, 0 hits, 0 errors, 0 left on base; Miami 6 - Atlanta 0
BOTTOM OF THE 9TH
Atlanta Braves batting - Pitching for Miami Marlins : LHP Luiz Gohara
Pitching: RHP Craig Stammen
Batting: RHB Pat Valaika 0-0: Foul Ball, location: 2F
0-1: Ball
1-1: Called Strike
1-2: Foul Ball, location: 2F
1-2: Strikes out looking
Batting: RHB Jorge Alfaro 0-0: Ball
1-0: Foul Ball, location: 2F
1-1: Called Strike
1-2: Strikes out swinging
Batting: SHB Juniel Querecuto 0-0: Ball
1-0: Ball
2-0: Ground out 5-3 (Groundball, 5L, EV 106.9 MPH)
Bottom of the 9th over - 0 runs, 0 hits, 0 errors, 0 left on base; Miami 6 - Atlanta 0
2-2: Fly out, F5 (Line Drive, 5, EV 70.6 MPH)
Batting: RHB Jose Alberto Martinez 0-0: Foul Ball, location: 2F
0-1: Foul Ball, location: 2F
0-2: Ball
1-2: Ball
2-2: Ground out 6-3 (Groundball, 4M, EV 98.8 MPH)
Bottom of the 7th over - 0 runs, 0 hits, 0 errors, 0 left on base; Milwaukee 10 - St. Louis 1
TOP OF THE 8TH
Milwaukee Brewers batting - Pitching for St. Louis Cardinals : RHP Zack Littell
Now at 2B: Domingo Leyba
Batting: RHB Eugenio Suarez 0-0: SOLO HOME RUN (Line Drive, 7D, EV 109.4 MPH), Distance : 388 ft
Batting: RHB Aaron Judge 0-0: Called Strike
0-1: Swinging Strike
0-2: Ball
1-2: Ball
2-2: Strikes out looking
Pitching: LHP David Oca
Batting: LHB Eric Hosmer 0-0: Ball
1-0: Ground out 4-3 (Groundball, 4, EV 75.6 MPH)
Batting: RHB Tommy Pham 0-0: Ball
1-0: Ball
2-0: Ball
3-0: Base on Balls
Batting: RHB A.J. Pollock 0-0: Ball
1-0: Ball
2-0: Called Strike
2-1: Foul Ball, location: 2F
2-2: DOUBLE (Line Drive, 78M, EV 88.1 MPH)
Tommy Pham to third
Runner from 3rd tries for Home, SAFE, no throw by LF
Batting: RHB Addison Russell 0-0: Ball
1-0: Fly out, F5 (Line Drive, 5, EV 76.9 MPH)
Top of the 8th over - 2 runs, 2 hits, 0 errors, 1 left on base; Milwaukee 12 - St. Louis 1
BOTTOM OF THE 8TH
St. Louis Cardinals batting - Pitching for Milwaukee Brewers : LHP Jose Quijada
Batting: LHB Matt Olson 0-0: Foul Ball, location: 2F
0-1: Ball
1-1: Ball
2-1: Foul Ball, location: 2F
2-2: Strikes out swinging
Pitching: RHP Shawn Armstrong
Batting: LHB Alex Avila 0-0: Foul Ball, location: 2F
0-1: Called Strike
0-2: Foul Ball, location: 2F
0-2: Fly out, F6 (Popup, 6S, EV 60.6 MPH)
Batting: LHB Brett Phillips 0-0: Ball
1-0: Called Strike
1-1: Foul Ball, location: 2F
1-2: SINGLE (Groundball, 34D, EV 103.8 MPH)
Batting: RHB Harrison Bader 0-0: Called Strike
0-1: Ball
1-1: Ground out 3-1 (Groundball, 34, EV 82.5 MPH)
Bottom of the 8th over - 0 runs, 1 hit, 0 errors, 1 left on base; Milwaukee 12 - St. Louis 1
TOP OF THE 9TH
Milwaukee Brewers batting - Pitching for St. Louis Cardinals : LHP David Oca
Batting: RHB Shawn Armstrong 0-0: Swinging Strike
0-1: Fly out, F8 (Flyball, 89D, EV 95.0 MPH)
Batting: RHB Manny Pina 0-0: SINGLE (Line Drive, 78M, EV 105.6 MPH)
Batting: RHB Dawel Lugo 0-0: SINGLE (Line Drive, 3D, EV 96.9 MPH)
Manny Pina to second
Batting: RHB Eugenio Suarez 0-0: Foul Ball, location: 2F
0-1: Ball
1-1: Swinging Strike
1-2: Ball
2-2: Ball
3-2: Base on Balls
Manny Pina to third
Dawel Lugo to second
Pitching: RHP Yan Gomes
Batting: RHB Aaron Judge 0-0: Called Strike
0-1: Ball
1-1: Swinging Strike
1-2: Foul Ball, location: 2F
1-2: Strikes out swinging
Batting: LHB Eric Hosmer 0-0: Fly out, F8 (Flyball, 78D, EV 76.3 MPH)
Top of the 9th over - 0 runs, 2 hits, 0 errors, 3 left on base; Milwaukee 12 - St. Louis 1
BOTTOM OF THE 9TH
St. Louis Cardinals batting - Pitching for Milwaukee Brewers : RHP Shawn Armstrong
Batting: RHB Hernan Perez 0-0: Ball
1-0: Swinging Strike
1-1: Called Strike
1-2: Ball
2-2: Strikes out swinging
Batting: RHB Yan Gomes 0-0: Foul Ball, location: 2F
0-1: Ground out 6-3 (Groundball, 6, EV 82.5 MPH)
Batting: SHB Domingo Leyba 0-0: Ball
1-0: Called Strike
1-1: Ball
2-1: Called Strike
2-2: Foul Ball, location: 2F
2-2: Ball
3-2: Base on Balls
Batting: RHB Alex Bregman 0-0: Ball
1-0: Foul Ball, location: 2F
1-1: Ball
2-1: Ball
3-1: Called Strike
3-2: Fly out, F7 (Flyball, 7LSF, EV 88.1 MPH)
Bottom of the 9th over - 0 runs, 0 hits, 0 errors, 1 left on base; Milwaukee 12 - St. Louis 1
Sunday, November 24th, 2019 - OOTP Baseball 20.8 Build 73